 Dungeon Sprint DCSS version 0.28-a0-845-gfc338a8e3c (webtiles) character file.

Game seed: 11083639921543962497

7546 xpp the Tortoise (level 11, -6/110 (114) HPs)
             Began as a Hill Orc Fighter on Nov 11, 2021.
             Was the Champion of Beogh.
             Mangled by a vampire mage (9 damage)
             ... in the Dungeon (Sprint VII: "The Pits") on Nov 13, 2021.
             The game lasted 00:19:49 (2367 turns).

xpp the Tortoise (Hill Orc Fighter)                 Turns: 2367, Time: 00:19:50

HP:   -6/110 (114)  AC: 23    Str: 21    XL:     11   Next: 16%
MP:   11/11         EV: 11    Int: 11    God:    Beogh [******]
Gold: 0             SH:  6    Dex: 12    Spells: 10/10 levels left

rFire   . . .      SeeInvis .   u - +2 war axe (vorpal)
rCold   . . .      Faith    .   c - +0 buckler
rNeg    . . .      Spirit   .   a - +4 chain mail
rPois   .          Reflect  .   t - +0 helmet
rElec   .          Harm     .   (no cloak)
rCorr   .          Rampage  .   (no gloves)
Will    .....      NoTele   +   (no boots)
Stlth   ..........              (no amulet)
HPRegen 0.28/turn               o - +3 ring of protection
MPRegen 0.12/turn               p - +3 ring of intelligence

@: mighty, spiked, slowed, lightly drained, very slow
A: walk on water
a: Renounce Religion, Smiting, Recall Orcish Followers, Give Item to Named
Follower, Resurrection


You were in the Dungeon.
You worshipped Beogh.
Beogh was exalted by your worship.
You visited 1 branch

Inventory:

Hand Weapons
 u - a +2 vorpal war axe (weapon)
Armour
 a - a +4 chain mail (worn)
 b - a +2 plate armour
 c - a +0 buckler (worn)
 t - a +0 helmet (worn)
Jewellery
 o - a +3 ring of protection (left hand)
 p - a +3 ring of intelligence (right hand)
Scrolls
 j - a scroll of blinking
 l - 5 scrolls of amnesia
 m - a scroll of summoning
Potions
 e - 8 potions of curing
 g - 2 potions of haste
 h - 4 potions of magic
 i - 3 potions of berserk rage
 k - 2 potions of invisibility
 r - a potion of brilliance
 s - a potion of mutation


   Skills:
 + Level 16.0 Fighting
 - Level 16.0 Axes
 + Level 17.7 Armour
 * Level 8.1 Dodging
 - Level 7.9 Shields


You had 10 spell levels left.
You didn't know any spells.
Your spell library was empty.

Dungeon Overview and Level Annotations

Branches:
Dungeon (1/1)

Altars:
Ashenzari
Cheibriados
Dithmenos
Elyvilon
Fedhas
Gozag
Hepliaklqana
Kikubaaqudgha
Makhleb
Nemelex Xobeh
Okawaru
Qazlal
Ru
Sif Muna
Trog
Uskayaw
Vehumet
Wu Jian
Xom
Yredelemnul
Zin
The Shining One
Beogh
Jiyva
Lugonu


Message History

The red devil hits you from afar with a +3 trident.
* * * LOW HITPOINT WARNING * * *
Barbed spikes become lodged in your body.
Something hits you!
* * * LOW HITPOINT WARNING * * *
Something bites you.
* * * LOW HITPOINT WARNING * * *
Something draws strength from your injuries!
Welcome back, xpp the Hill Orc Fighter.
Beogh says: Drown the unbelievers in a sea of blood!
Press ? for a list of commands and other information.
You feel much better. Something hits you but does no damage.
Deactivating autopickup; reactivate with Ctrl-A.
The red devil hits you but does no damage.
Something draws life force from you!
* * * LOW HITPOINT WARNING * * *
Something hits you but does no damage.
You feel much better. You block the freezing wraith's attack.
The freezing wraith hits you.
* * * LOW HITPOINT WARNING * * *
Something hits you but does no damage. The red devil barely misses you.
Something hits you!
* * * LOW HITPOINT WARNING * * *
Something bites you but does no damage. Something barely misses you.
You block the freezing wraith's attack. The freezing wraith barely misses you.
Something hits you!
* * * LOW HITPOINT WARNING * * *
The red devil hits you but does no damage.
Something hits you.
* * * LOW HITPOINT WARNING * * *
Something bites you but does no damage.
You feel much better.
Something hits you but does no damage. x2
The freezing wraith hits you!
* * * LOW HITPOINT WARNING * * *
The freezing wraith freezes you!
* * * LOW HITPOINT WARNING * * *
The freezing wraith barely misses you.
The red devil hits you but does no damage.
Something hits you but does no damage. Something bites you!
You die...

### ## ########### .#
#.........# .# #.......#
. ## ####...######## #..
# ###..)...)..##..# ....
###....##'##.....##.....
.#....##...##..W)#4.....
.'[...'.....'..)@{zM....
)#....##...##..{o#W.....
###....##'##.....# .....
# ###..')..'..##..# ....
## ####...######## #..
.# ##.).....## . .#
#.........# ##
###########


You could see a flayed ghost (summoned), a freezing wraith (summoned), a red
devil, a flying skull (summoned), a mummy (summoned) and a friendly orc priest.

Vanquished Creatures
  Erolcha (D)
  An orc high priest (D)
  2 molten gargoyles (D)
  A rime drake (D)
  An efreet (D)
  A red devil (D)
  A jumping spider (D)
  Prince Ribbit (D)
  2 hornets (D)
  A blink frog (D)
  4 redbacks (D)
  A flying skull (D)
  A shadow (D)
  A spriggan (D)
  A wyvern (D)
  A wraith (D)
  A warg (D)
  2 floating eyes (D)
  An acid dragon (D)
  A sky beast (D)
  An orc warrior (D)
  A black bear (D)
  A centaur (D)
  6 wolves (D)
  2 bullfrogs (D)
  2 gnoll sergeants (D)
  2 scorpions (D)
  An iron imp (D)
  11 gnolls (D)
  A white imp (D)
  An adder skeleton (D)
  An endoplasm (D)
  2 giant cockroaches (D)
  A goblin (D)
  2 hobgoblins (D)
  A quokka (D)
  A ball python simulacrum (D)
  A frilled lizard (D)
64 creatures vanquished.

Vanquished Creatures (collateral kills)
  A merfolk siren (D)
  An elephant (D)
  A troll (D)
  A tarantella (D)
  A redback (D)
  A water moccasin (D)
  2 wolves (D)
  A scorpion (D)
  An earth elemental (D)
  A jelly (D)
  A jackal zombie (D)
12 creatures vanquished.

Vanquished Creatures (others)
  2 orc warriors (D)
  2 orc priests (D)
  6 orcs (D)
10 creatures vanquished.

Grand Total: 86 creatures vanquished

Notes
Turn   | Place    | Note
-------+----------+-------------------------------------------
     0 | D        | xpp the Hill Orc Fighter began the quest for the Orb.
     0 | D        | Reached XP level 1. HP: 19/19 MP: 1/1
    36 | D        | Found a glowing golden altar of the Shining One.
    36 | D        | Found a glowing silver altar of Zin.
    36 | D        | Found a basalt altar of Yredelemnul.
    36 | D        | Found a shimmering altar of Xom.
    36 | D        | Found an ornate altar of the Wu Jian Council.
    36 | D        | Found a bloodstained altar of Trog.
    36 | D        | Found a shimmering blue altar of Sif Muna.
    36 | D        | Found a sacrificial altar of Ru.
    36 | D        | Found a stormy altar of Qazlal.
    36 | D        | Found an iron altar of Okawaru.
    36 | D        | Found a sparkling altar of Nemelex Xobeh.
    36 | D        | Found a burning altar of Makhleb.
    36 | D        | Found a viscous altar of Jiyva.
    36 | D        | Found a hazy altar of Hepliaklqana.
    36 | D        | Found an opulent altar of Gozag.
    36 | D        | Found a blossoming altar of Fedhas.
    36 | D        | Found a white marble altar of Elyvilon.
    36 | D        | Found a shadowy altar of Dithmenos.
    36 | D        | Found a snail-covered altar of Cheibriados.
    38 | D        | Found a corrupted altar of Lugonu.
    38 | D        | Found a radiant altar of Vehumet.
    38 | D        | Found a roughly hewn altar of Beogh.
    39 | D        | Found an ancient bone altar of Kikubaaqudgha.
    39 | D        | Found a hide-covered altar of Uskayaw.
    39 | D        | Found a broken altar of Ashenzari.
    48 | D        | Became a worshipper of Beogh the Brigand
   225 | D        | Reached * piety under Beogh
   226 | D        | Reached skill level 4 in Armour
   226 | D        | Reached XP level 2. HP: 14/28 MP: 2/2
   404 | D        | Noticed a scorpion
   406 | D        | Killed a scorpion
   407 | D        | Reached skill level 5 in Fighting
   407 | D        | Reached skill level 5 in Armour
   407 | D        | Reached XP level 3. HP: 37/37 MP: 3/3
   407 | D        | Reached XP level 4. HP: 44/44 MP: 4/4
   407 | D        | Noticed a floating eye
   412 | D        | Reached ** piety under Beogh
   415 | D        | Killed a floating eye
   416 | D        | Reached skill level 6 in Armour
   416 | D        | Reached skill level 1 in Dodging
   416 | D        | Reached skill level 5 in Shields
   416 | D        | Reached XP level 5. HP: 52/52 MP: 5/5
   537 | D        | Reached skill level 10 in Axes
   537 | D        | Reached skill level 7 in Armour
   537 | D        | Reached XP level 6. HP: 47/60 MP: 6/6
   553 | D        | Reached *** piety under Beogh
   567 | D        | Reached **** piety under Beogh
   585 | D        | Reached skill level 8 in Armour
   590 | D        | Reached XP level 7. HP: 27/69 MP: 7/7
   598 | D        | Reached ***** piety under Beogh
   840 | D        | Reached skill level 9 in Armour
   841 | D        | Noticed an orc high priest
   860 | D        | Killed an orc high priest
   861 | D        | Reached skill level 10 in Armour
   861 | D        | Reached XP level 8. HP: 40/79 MP: 8/8
  1056 | D        | Reached skill level 10 in Fighting
  1074 | D        | Reached skill level 11 in Armour
  1309 | D        | Noticed Prince Ribbit
  1309 | D        | Noticed a molten gargoyle
  1309 | D        | Noticed a hornet
  1343 | D        | Paralysed by a hornet for 1 turns
  1347 | D        | Killed a hornet
  1347 | D        | Reached ****** piety under Beogh
  1353 | D        | Killed a molten gargoyle
  1354 | D        | Reached skill level 12 in Armour
  1354 | D        | Reached XP level 9. HP: 72/89 MP: 9/9
  1608 | D        | Killed Prince Ribbit
  1609 | D        | Reached skill level 13 in Armour
  1646 | D        | Noticed a rime drake
  1660 | D        | Noticed Erolcha
  1663 | D        | Killed a rime drake
  1671 | D        | Killed Erolcha
  1672 | D        | Reached skill level 14 in Armour
  1721 | D        | Noticed a merfolk siren
  1724 | D        | Reached skill level 5 in Dodging
  1728 | D        | Reached XP level 10. HP: 100/100 MP: 10/10
  1738 | D        | Killed a merfolk siren
  1739 | D        | Reached skill level 15 in Armour
  1903 | D        | Reached skill level 16 in Armour
  1962 | D        | Noticed a molten gargoyle
  1988 | D        | Killed a molten gargoyle
  1989 | D        | Reached skill level 15 in Fighting
  1998 | D        | Gained Gorg as an ally
  1999 | D        | Reached skill level 17 in Armour
  2002 | D        | Reached XP level 11. HP: 36/112 MP: 11/11
  2315 | D        | Noticed a vampire mage
  2359 | D        | Your ally Gorg died
  2362 | D        | Noticed a flayed ghost
  2364 | D        | HP: 5/110 [something (10)]
  2364 | D        | HP: 1/110 [something (4)]
  2365 | D        | Upgraded the game from 0.28-a0-828-g0121872642 to
                  | 0.28-a0-845-gfc338a8e3c
  2367 | D        | Mangled by a vampire mage

Illustrated notes

Levels and vault maps discovered:
D:        pitsprint [storerooms_1, entrance_room_1, metal_vault_2, armoury_3,
          mini_pit_1, grid_room_1, main_hall_1, silver_pit, the_coven_2,
          the_vestibule_1, steel_vault_2, golden_pit, hallway_of_sentries,
          crystal_vault_4, iron_vault_1, final_vault]

Skill      XL: |  1  2  3  4  5  6  7  8  9 10 11 |
---------------+----------------------------------+-----
Fighting       | 4 5 7 8 9 11 12 15 16 | 16.0
Axes           | 4 6 9 10 12 16 | 16.0
Armour         | 4 5 6 7 8 10 12 14 17 | 17.7
Shields        | 4 5 6 7 |  7.9
Dodging        | 1 2 5 7 8 |  8.1

Action                   |  1- 3 |  4- 6 |  7- 9 | 10-12 || total
-------------------------+-------+-------+-------+-------++-------
Melee: War axe           |    28 |     6 |    43 |   119 ||   196
       Hand axe          |       |    42 |    89 |       ||   131
Invok: Resurrection      |       |       |       |     2 ||     2
       Recall Orcish Fol |       |       |       |     1 ||     1
  Use: Potion            |     1 |     1 |     1 |     9 ||    12
 Stab: Distracted        |       |       |       |     3 ||     3
Armor: Scale mail        |     4 |     1 |       |       ||     5
       Chain mail        |       |    12 |    37 |    67 ||   116
Dodge: Dodged            |    15 |    10 |    24 |    39 ||    88
Block: Buckler           |     3 |     5 |    16 |    16 ||    40

Table legend: (Time is in decaauts)
 A = Elapsed time spent in this place.
 B = Non-inter-level travel time spent in this place.
 C = Inter-level travel time spent in this place.
 D = Time resting spent in this place.
 E = Time spent auto-exploring this place.
 F = Levels seen in this place.
 G = Mean time per level.
                   A        B        C        D        E       F      G
               +--------+--------+--------+--------+--------+-----+--------+
         Total |   2309 |   2309 |      0 |   1397 |      0 |   1 | 2309.0 |
       Dungeon |   2309 |   2309 |      0 |   1397 |      0 |   1 | 2309.0 |
               +--------+--------+--------+--------+--------+-----+--------+

Top non-repeatable levels by time:
       D: 2309 daAuts
